 Dungeon Crawl Stone Soup version 0.29.0-4-gdea44cf6ec (webtiles) character file.

Game seed: 15900594315676783824

58 qw the Chopper (level 4, 0/26 HPs)
             Began as a Tengu Warper on Aug 28, 2022.
             Slain by Grinder (1 damage)
             ... on level 3 of the Dungeon.
             The game lasted 00:00:12 (3245 turns).

qw the Chopper (Tengu Warper)                       Turns: 3245, Time: 00:00:12

Health: 0/26       AC:  8    Str: 14    XL:     4   Next: 1%
Magic:  8/8        EV:  6    Int: 13    God:
Gold:   98         SH:  0    Dex: 13    Spells: 7/7 levels left

rFire   . . .      SeeInvis .   Y - +3 hand axe
rCold   . . .      Faith    .   (no shield)
rNeg    . . .      Spirit   .   i - +0 chain mail
rPois   .          Reflect  .   (helmet restricted)
rElec   .          Harm     .   (no cloak)
rCorr   .          Rampage  .   (no gloves)
Will    .....                   (boots unavailable)
Stlth   ..........              (no amulet)
HPRegen 0.08/turn               (no ring)
MPRegen 0.11/turn               (no ring)

@: no status effects
A: beak, talons 3
a: no special abilities


You were on level 3 of the Dungeon.
You visited 1 branch of the dungeon, and saw 3 of its levels.

You collected 98 gold pieces.


Innate Abilities, Weirdness & Mutations

You have a beak for a mouth.
You have claws for feet.


   Skills:
 - Level 2.0 Fighting
 + Level 4.6 Axes
 - Level 1.0 Throwing
 - Level 1.1 Armour
 - Level 2.1 Dodging
 - Level 2.0 Spellcasting
 - Level 2.4 Translocations


You had 7 spell levels left.
You didn't know any spells.
Your spell library contained the following spells:

 Spells                   Type           Power      Damage    Failure   Level
 Blink                    Tloc           14%        N/A       99%         2
 Gell's Gravitas          Tloc           7%         N/A       100%        3
 Lesser Beckoning         Tloc           7%         N/A       100%        3
 Teleport Other           Tloc           7%         N/A       100%        3
 Manifold Assault         Tloc           7%         N/A       100%        5

Inventory:

Hand Weapons
 e - a +0 whip
 Y - a +3 hand axe (weapon)
Armour
 b - a +0 kite shield
 i - a +0 chain mail (worn)
Scrolls
 c - a scroll of enchant armour {unknown}
 d - a scroll of immolation {unknown}
 g - a scroll of identify
Potions
 a - a potion of heal wounds {unknown}
 f - a potion of curing {unknown}

Dungeon Overview and Level Annotations

Branches:
Dungeon (3/15)

Altars:

Annotations:
D:3 Grinder


Message History

You hit Grinder. You claw Grinder. You peck Grinder, but do no damage.
Grinder is lightly wounded.
Grinder hits you but does no damage.
You hit Grinder. You claw Grinder, but do no damage. You peck Grinder.
Grinder is lightly wounded.
Grinder barely misses you.
You barely miss Grinder.
Grinder is lightly wounded.
Grinder completely misses you. Grinder hits you but does no damage.
You barely miss Grinder. You claw Grinder.
Grinder is moderately wounded.
Grinder blinks!
Grinder hits you but does no damage.
You closely miss Grinder. You claw Grinder, but do no damage.
You peck Grinder, but do no damage.
Grinder is moderately wounded.
Grinder hits you.
You completely miss Grinder. You claw Grinder.
Grinder is moderately wounded.
Grinder says, "Mostly I couldn't keep them alive."
Grinder hits you.
You writhe in agony.
You closely miss Grinder. You claw Grinder. Your peck misses Grinder.
Grinder is moderately wounded.
Grinder hits you!
You closely miss Grinder. Your kick misses Grinder.
Grinder is moderately wounded.
Grinder hits you but does no damage.
You closely miss Grinder.
Grinder is moderately wounded.
Grinder completely misses you.
You hit Grinder but do no damage. You peck Grinder.
Grinder is moderately wounded.
Grinder hits you.
You writhe in agony.
You hit Grinder. You claw Grinder, but do no damage.
Grinder is heavily wounded.
Grinder hits you.
You writhe in agony.
You hit Grinder.
Grinder is severely wounded.
Grinder hits you.
You writhe in agony.
You die...

#.......#.#.......#
#########.#########
#)# #.# #########
#.# ........#
#.#######
.#######.#
#.......#
........5#
#..####.#
.######@.## #..#
#......###..#
#.##...##...##.# #.
#...........#
.###.##..###...####
.........# ##......
####.##### #.#####
#. #.# .. #+#


You could see Grinder.

Vanquished Creatures
  An adder (D:2)
  A worm (D:2)
  7 ball pythons
  2 bats (D:2)
  6 endoplasms
  A giant cockroach (D:2)
  7 goblins
  4 hobgoblins
  3 kobolds
  2 quokkas (D:2)
  3 frilled lizards
  3 rats
40 creatures vanquished.

Notes
Turn   | Place    | Note
-------+----------+-------------------------------------------
     0 | D:1      | qw the Tengu Warper began the quest for the Orb.
     0 | D:1      | Reached XP level 1. HP: 12/12 MP: 4/4
     0 | D:1      | 0 ||| qw: Version: 0.1-a-89-g26bdef1
     0 | D:1      | 0 ||| qw: Game counter: 2779
     0 | D:1      | 0 ||| qw: Always use a shield: true
     0 | D:1      | 0 ||| qw: God list: Okawaru
     0 | D:1      | 0 ||| qw: Allow faded altars: false
     0 | D:1      | 0 ||| qw: Do Orc after D:15 true
     0 | D:1      | 0 ||| qw: Do second Lair branch before Depths: true
     0 | D:1      | 0 ||| qw: Lair rune preference: random
     0 | D:1      | 0 ||| qw: Plans: Normal
     0 | D:1      | 0 ||| PLANNING D:1-11
   370 | D:1      | Found a faded altar of an unknown god.
   452 | D:1      | HP: 2/12 [endoplasm (2)]
   738 | D:1      | Reached XP level 2. HP: 12/17 MP: 6/6
   841 | D:1      | Reached skill level 3 in Axes
  1599 | D:1      | 1599 ||| READING 2 scrolls labelled OJIOFI GASUD.
  1600 | D:1      | 1600 ||| READING scroll of enchant weapon.
  1600 | D:1      | 1600 ||| ENCHANTING +1 hand axe.
  1601 | D:1      | 1601 ||| READING scroll labelled ILOKAXTEREM.
  1602 | D:1      | 1602 ||| DROPPING scroll of blinking.
  2107 | D:2      | Reached XP level 3. HP: 21/21 MP: 7/7
  2187 | D:2      | 2187 ||| READING scroll of enchant weapon.
  2187 | D:2      | 2187 ||| ENCHANTING +2 hand axe.
  2362 | D:2      | 2362 ||| Stepping ~*~*~tactically~*~*~ (stealth).
  2382 | D:2      | Reached skill level 4 in Axes
  2420 | D:2      | HP: 5/21 [adder (1)]
  2423 | D:2      | HP: 2/21 [poisoned by an adder]
  2732 | D:2      | 2732 ||| UPGRADING to +0 chain mail.
  2742 | D:2      | 2742 ||| DROPPING +0 leather armour.
  2743 | D:2      | 2743 ||| DROPPING ring of wizardry.
  2744 | D:2      | 2744 ||| READING scroll labelled URIAD VIQAKAT.
  2748 | D:2      | 2748 ||| READING scroll labelled CYHYKUOTUO.
  2749 | D:2      | 2749 ||| READING scroll labelled XOM GUSIQORAYT.
  2757 | D:3      | 2757 ||| STAIRDANCE
  2793 | D:3      | 2793 ||| STAIRDANCE
  3196 | D:3      | Reached XP level 4. HP: 26/26 MP: 8/8
  3226 | D:3      | Noticed Grinder
  3227 | D:3      | 3227 ||| Stepping ~*~*~tactically~*~*~ (hiding).
  3244 | D:3      | HP: 5/26 [Grinder (3)]
  3244 | D:3      | HP: 2/26 [Grinder (3)]
  3245 | D:3      | Slain by Grinder

Levels and vault maps discovered:
D:1:      doesnt_arrival_eight_statues, layout_basic,
          hellmonk_ecumenical_altar_crossroads
D:2:      layout_rooms, minmay_misc_feat_iff, kennysheep_cluttered_room,
          minmay_shallow_snake_nest
D:3:      minmay_recursive_quarters, layout_loops_corners, uniq_grinder,
          uniq_jessica

Skill      XL: |  1  2  3 |
---------------+----------+-----
Axes           | 3 4 |  4.6
Fighting       | |  2.0
Throwing       | |  1.0
Armour         | |  1.1
Dodging        | |  2.1
Spellcasting   | |  2.0
Translocations | |  2.4

Action                   |  1- 3 |  4- 6 || total
-------------------------+-------+-------++-------
Melee: Hand axe          |    91 |    12 ||   103
       Peck              |    13 |     4 ||    17
       Kick              |    15 |     7 ||    22
       Punch             |     2 |       ||     2
Throw: Boomerang         |    13 |       ||    13
  Use: Scroll            |     7 |       ||     7
Armor: Leather armour    |    20 |       ||    20
       Chain mail        |     3 |     4 ||     7
Dodge: Dodged            |    35 |     3 ||    38

Table legend:
 A = Non-vault XP
 B = Vault XP
 C = Vault XP percentage of total XP
 D = Non-vault monster count
 E = Vault monster count
 F = Vault count percentage of total count
                 A         B        C        D         E       F
            +---------+---------+-------+---------+---------+-------
      Total |      65 |      18 |  21.7 |      35 |       5 |  12.5
            +---------+---------+-------+---------+---------+-------
        D:1 |      24 |       0 |   0.0 |      13 |       0 |   0.0
        D:2 |      27 |      18 |  40.0 |      14 |       5 |  26.3
        D:3 |      14 |       0 |   0.0 |       8 |       0 |   0.0
            +---------+---------+-------+---------+---------+-------
